 Dungeon Sprint DCSS version 0.23-a0-635-g88ca12a (webtiles) character file.

0 Lanoc the Slasher (level 2, 0/26 HPs)
             Began as a Barachi Monk on Dec 27, 2018.
             Was a Believer of Makhleb.
             Splashed by a jelly's acid (2 damage)
             ... in the Dungeon (Sprint VI: "Thunderdome").
             The game lasted 00:00:57 (71 turns).

Lanoc the Slasher (Barachi Monk)                      Turns: 71, Time: 00:00:58

Health: 0/26       AC:  2    Str: 12    XL:     2   Next: 70%
Magic:  2/2        EV: 14    Int: 10    God:    Makhleb [**....]
Gold:   200        SH:  0    Dex: 14    Spells: 1/1 levels left

rFire    . . .     SeeInvis .   a - +0 falchion
rCold    . . .     Gourm    .   (no shield)
rNeg     . . .     Faith    .   b - +0 robe
rPois    .         Spirit   .   (no helmet)
rElec    .         Reflect  .   (no cloak)
rCorr    .         Harm     .   (no gloves)
MR       .....     NoTele   +   (no boots)
Stlth    ++........             (no amulet)
HPRegen  0.08/turn              (no ring)
MPRegen  0.08/turn              (no ring)

@: slow
A: +LOS, swims, slowness 1, strong legs 1
a: Hop, Minor Destruction, Renounce Religion


You were in the Dungeon.
You worshipped Makhleb.
Makhleb was pleased with you.
You were not hungry.

You visited 1 branch You collected 200 gold pieces.

Inventory:

Hand Weapons
 a - a +0 falchion (weapon)
Armour
 b - a +0 robe (worn)
Wands
 k - a wand of acid (5)
 l - a wand of iceblast (5)
Scrolls
 i - 4 scrolls of blinking
 m - 3 scrolls of fog
Potions
 d - a potion of curing
 e - 4 potions of heal wounds
 f - 4 potions of haste
 g - 2 potions of magic
 h - a potion of berserk rage
 j - a potion of resistance
Comestibles
 c - a ration


   Skills:
 + Level 4.5 Fighting
 * Level 5.3 Long Blades
 + Level 2.4 Armour
 + Level 4.1 Dodging
 - Level 1.7 Stealth


You had one spell level left.
You didn't know any spells.
Your spell library was empty.

Dungeon Overview and Level Annotations

Branches:
Dungeon (1/1)

Altars:
Cheibriados
Dithmenos
Fedhas
Gozag
Kikubaaqudgha
Makhleb
Okawaru
Qazlal
Ru
Sif Muna
Trog
Uskayaw
Vehumet
Wu Jian
Xom
Yredelemnul
Zin
The Shining One
Beogh
Jiyva
Lugonu

Shops:
D *[%??*?*:[((!!!!


Innate Abilities, Weirdness & Mutations

Shadows flee at your approach. (+LOS)
You can swim through water.
You cover ground slowly.
You can hop short distances.


Message History

Your Long Blades skill increases to level 5!
Your Armour skill increases to level 2!
Your Dodging skill increases to level 4!
You hit the ooze.
The ooze is heavily wounded.
The ooze hits you but does no damage.
You hit the ooze.
The ooze is severely wounded.
The ooze hits you but does no damage.
You hit the ooze.
You kill the ooze!
Makhleb accepts your kill.
A jelly comes into view.
The jelly quivers.
You hit the jelly.
Your hands burn!
* * * LOW HITPOINT WARNING * * *
The jelly is lightly wounded.
The jelly closely misses you.
You hit the jelly but do no damage.
Your hands burn!
You die...

##.....## ##∩.....∩##
#∩.......∩# #........_#
#........_# #_......._#
###.........### #⌠..J........⌠#
######.8..@......8.######
##∩___......###......_._∩##
###∩........8.# #.8........∩##
##.............###.............
#⌠..........###...###..........
#⌠..........# #.<.# #..........
#⌠..........###...###..........
##.............###.............
###∩........8.# #.8........∩##


You could see a jelly.

Vanquished Creatures
  4 oozes (D)
4 creatures vanquished.

Notes
Turn   | Place    | Note
-------+----------+-------------------------------------------
     0 | D        | Lanoc the Barachi Monk began the quest for the Orb.
     0 | D        | Reached XP level 1. HP: 18/18 MP: 1/1
     0 | D        | Found a basalt altar of Yredelemnul.
     0 | D        | Found an opulent altar of Gozag.
     3 | D        | Found a burning altar of Makhleb.
     3 | D        | Found a deep blue altar of Sif Muna.
     3 | D        | Found a stormy altar of Qazlal.
     4 | D        | Found a snail-covered altar of Cheibriados.
     5 | D        | Found a viscous altar of Jiyva.
     5 | D        | Found a sacrificial altar of Ru.
     5 | D        | Found Caduroerph's Magic Scroll Shop.
     5 | D        | Found Makistru's Staff Store.
     5 | D        | Round 1.
     6 | D        | Found Dimerohi's Delicious Food.
     6 | D        | Found a roughly hewn altar of Beogh.
     6 | D        | Found Zaitoy's Magic Scroll Shop.
     6 | D        | Found a glowing silver altar of Zin.
     6 | D        | Found Libudd's Must-Have Magic.
     6 | D        | Found an ornate altar of the Wu Jian Council.
     6 | D        | Found Leyweolu's Identification Station.
     7 | D        | Found Kaqyom's Jewellery.
     7 | D        | Found Koenk's Advanced Armour.
    11 | D        | Reached skill level 4 in Long Blades
    11 | D        | Reached skill level 1 in Armour
    22 | D        | Reached XP level 2. HP: 11/25 MP: 2/2
    28 | D        | Became a worshipper of Makhleb the Destroyer
    28 | D        | Reached * piety under Makhleb
    28 | D        | Reached ** piety under Makhleb
    34 | D        | Found a shimmering altar of Xom.
    37 | D        | Found a radiant altar of Vehumet.
    38 | D        | Found a bloodstained altar of Trog.
    39 | D        | Found Taadeoso's Premium Goods.
    39 | D        | Found Duedynof's Miscellaneous Merchandise.
    39 | D        | Found Hure's Basic Armour.
    40 | D        | Found a blossoming altar of Fedhas.
    40 | D        | Found an iron altar of Okawaru.
    40 | D        | Found Niunlehe's Weapon Rack.
    44 | D        | Found an ancient bone altar of Kikubaaqudgha.
    45 | D        | Found a corrupted altar of Lugonu.
    46 | D        | Found a glowing golden altar of the Shining One.
    47 | D        | Found Ushewog's Do-It-Yourself Clinic.
    47 | D        | Found a shadowy altar of Dithmenos.
    47 | D        | Found a hide-covered altar of Uskayaw.
    47 | D        | Found Xeixto Kaup's Distillery.
    48 | D        | Found Lustrem's Bottled Wisdom.
    48 | D        | Found Utapumn's Distillery.
    58 | D        | Reached skill level 5 in Long Blades
    71 | D        | Splashed by a jelly's acid

Vault maps used:
D:        arena_sprint

Skill      XL: |  1  2 |
---------------+-------+-----
Fighting       | 4 |  4.5
Long Blades    | 4 5 |  5.3
Armour         | 1 2 |  2.4
Dodging        | 4 |  4.1
Stealth        | |  1.7

Action                   || total
-------------------------++-------
Melee: Falchion          ||    22
Armor: Robe              ||     3
Dodge: Dodged            ||    14
       Rpst.: Falchion   ||     6

Table legend:
 A = Non-vault XP
 B = Vault XP
 C = Vault XP percentage of total XP
 D = Non-vault monster count
 E = Vault monster count
 F = Vault count percentage of total count
                 A         B        C        D         E       F
            +---------+---------+-------+---------+---------+-------
      Total |      27 |       0 |   0.0 |       4 |       0 |   0.0
            +---------+---------+-------+---------+---------+-------
          D |      27 |       0 |   0.0 |       4 |       0 |   0.0
            +---------+---------+-------+---------+---------+-------
